Map: Sueño eterno EE

Players

TrumpIsATurd - Winner!

  • Race: Protoss Protoss
  • League: Platinum
  • Spawn Location: 7:00

MrFercho

  • Race: Zerg Zerg
  • League: Gold
  • Spawn Location: 1:00

VOD

Have the link to the VOD?

Description

Time

  • Played on: Aug. 4, 2020, 11:13 p.m.
  • Length: 7:10
Show
View Real Time Build Order
Export as new Build Order

TrumpIsATurd Protoss - Winner!

Build Orders: 1 Gate Expand 

Get SALT Encoding   

  12  0:01  Probe  
  13  0:13  Probe  
  14  0:23  Pylon  
  14  0:26  Probe  
  15  0:41  Probe (Chrono Boost)  
  16  0:47  Gateway  
  16  0:53  Probe (Chrono Boost)  
  16  0:56  Assimilator  
  17  1:01  Probe (Chrono Boost)  
  18  1:08  Probe  
  19  1:18  Assimilator  
  19  1:20  Probe  
  20  1:29  Pylon  
  20  1:32  Probe  
  21  1:38  Nexus  
  21  1:52  Cybernetics Core  
  21  1:55  Probe (Chrono Boost)  
  22  2:04  Pylon  
  22  2:06  Probe (Chrono Boost)  
  23  2:22  Probe  
  24  2:26  Gateway  
  24  2:34  Probe (Chrono Boost)  
  25  2:43  Stalker  
  27  2:46  Probe (Chrono Boost)  
  27  2:47  Warp Gate  
  28  2:59  Probe (Chrono Boost)  
  28  3:01  Probe (Chrono Boost)  
  30  3:10  Probe (Chrono Boost)  
  32  3:13  Probe (Chrono Boost), Zealot  
  32  3:14  Zealot  
  37  3:20  Probe (Chrono Boost)  
  37  3:21  Probe (Chrono Boost)  
  39  3:34  Twilight Council, Probe (Chrono Boost)  
  39  3:37  Probe (Chrono Boost)  
  40  3:42  Probe  
  40  3:45  Robotics Facility  
  41  3:49  Probe  
  41  3:52  Zealot  
  41  3:54  Probe  
  41  3:55  Gateway  
  45  4:01  Pylon  
  45  4:03  Pylon  
  45  4:11  Charge (Chrono Boost)  
  45  4:19  Zealot  
  47  4:27  Zealot  
  47  4:29  Pylon  
  49  4:33  Warp Prism  
  51  4:44  Gateway  
  51  4:45  Gateway  
  51  4:47  Gateway  
  51  4:50  Gateway  
  51  4:55  Zealot  
  53  5:00  Gateway  
  53  5:04  Gateway  
  53  5:19  Zealot  
  53  5:20  Zealot x2  
  59  5:40  Zealot  
  59  5:41  Zealot x4  
  69  5:50  Pylon x2  
  69  5:51  Pylon  
  69  5:54  Pylon  
  69  6:06  Shield Battery  
  69  6:07  Shield Battery  
  69  6:20  Zealot  
  69  6:21  Zealot x4  
  69  6:22  Zealot x3  
  77  6:46  Zealot  
  77  6:47  Zealot x5  
  81  6:48  Zealot x2  
  89  7:08  Zealot x6  
Show
View Real Time Build Order
Export as new Build Order

MrFercho Zerg 

Build Orders: Hatch First 

Get SALT Encoding   

  12  0:02  Drone  
  13  0:14  Overlord  
  13  0:16  Drone  
  14  0:32  Drone x2  
  16  0:52  Hatchery  
  16  0:54  Drone  
  16  0:57  Drone  
  16  0:59  Drone  
  18  1:10  Extractor  
  17  1:17  Spawning Pool  
  16  1:19  Drone  
  16  1:22  Drone  
  18  1:30  Drone  
  19  1:42  Drone  
  20  1:52  Overlord  
  20  2:05  Queen x2  
  20  2:07  Zergling x4  
  26  2:16  Drone x2  
  28  2:23  Drone  
  28  2:25  Drone  
  30  2:36  Drone x2  
  32  2:45  Overlord  
  32  2:49  Drone  
  33  2:57  Queen  
  35  2:58  Lair  
  35  3:03  Drone  
  36  3:13  Drone x3  
  36  3:15  Roach Warren  
  38  3:25  Overlord  
  38  3:26  Overlord  
  38  3:45  Drone  
  38  3:46  Drone x6  
  45  3:56  Evolution Chamber  
  44  4:05  Evolution Chamber  
  44  4:09  Drone x4  
  47  4:12  Extractor  
  47  4:14  Extractor  
  45  4:22  Glial Reconstitution  
  45  4:24  Zerg Missile Weapons Level 1  
  45  4:26  Overlord  
  45  4:27  Overlord  
  45  4:29  Roach x3  
  51  4:47  Drone x3  
  51  4:48  Drone x2  
  51  4:49  Overlord  
  56  5:10  Hatchery  
  55  5:25  Drone x7  
  55  5:26  Drone x4  
  66  5:39  Roach x2  
  70  5:56  Overlord  
  70  5:57  Overlord x2  
  70  6:10  Spore Crawler  
  54  6:25  Roach x8  
  45  6:35  Drone x5  
  10  6:57  Drone  
  10  6:58  Drone x7  
Tags
 
Add a new tag
Caveats
  • Supply blocks, unpowered buildings, or Contaminate may cause inaccurate times.
  • Supply counts are checked every 10 seconds.